cohdb
Replays
Latest Replays
All Replays
Popular Replays
Top Player Replays
Match Explorer
How It Works
Community
CoH3 Stats
Reddit
Sign in to upload your games and track your stats! →
Sign in with Steam
Match 44004490
Unlisted
Match 44004490
Overview
Messages
Build Orders
End
Engineer Squad
Construct Barracks
Construct Barracks
Riflemen Squad
1⁄4-ton 4x4 Truck
Riflemen Squad
Grenade Package
Construct Medical Station
Selects Heavy Weapons
Infantry Support Center
Riflemen Squad
Advanced Logistics
M1918 Browning Automatic Rifles
Riflemen Squad
Construct Weapon Support Center
Selects M2HB .50cal Heavy Machine Gun
Selects M2HB .50cal Heavy Machine Gun
Selects Assault Carriers
M3 Assault Carrier
Selects Exchangeable Parts
anioki
strike your finger
RintFosk
Tenryu
0
0
Comments
sign in to comment!
No comments posted yet!